 Dungeon Crawl Stone Soup version 0.21.1-1-g345015fe64 (webtiles) character file.

97 khortar the Slasher (level 4, -2/35 HPs)
             Began as a Demonspawn Monk on June 9, 2018.
             Slain by Menkaure (7 damage)
             ... on level 4 of the Dungeon.
             The game lasted 00:18:11 (1988 turns).

khortar the Slasher (Demonspawn Monk)               Turns: 1988, Time: 00:18:12

Health: -2/35      AC:  4    Str: 11    XL:     4   Next: 42%
Magic:  0/3        EV: 13    Int: 12    God:
Gold:   148        SH:  0    Dex: 18    Spells: 3/3 levels left

rFire    . . .     SeeInvis .   a - +0 falchion
rCold    + . .     Gourm    .   (no shield)
rNeg     . . .     Faith    .   k - +0 leather armour
rPois    .         Spirit   +   (no helmet)
rElec    .         Reflect  .   (no cloak)
rCorr    .         Harm     .   d - +0 pair of gloves
MR       .....                  (no boots)
Stlth    ++........             (no amulet)
HPRegen  0.11/turn              f - ring of protection from cold
MPRegen  0.08/turn              (no ring)

@: no status effects
A: agile 1, low mp 1, spiny 1, magic shield
a: no special abilities


You were on level 4 of the Dungeon.
You were very full.

You visited 1 branch of the dungeon, and saw 5 of its levels.

You collected 148 gold pieces.

Inventory:

Hand Weapons
 a - a +0 falchion (weapon)
 i - a +0 rapier
 l - a +0 long sword
Missiles
 e - 35 arrows
 h - 23 bolts
Armour
 d - a +0 pair of gloves (worn)
 k - a +0 leather armour (worn)
Jewellery
 f - a ring of protection from cold (left hand)
Wands
 g - a wand of flame (29)
Scrolls
 b - a scroll of identify
 c - 3 scrolls of teleportation
 j - a scroll of remove curse
Potions
 m - a potion of brilliance
Comestibles
 n - 2 rations


   Skills:
 + Level 3.4 Fighting
 * Level 4.1 Long Blades
 + Level 0.3 Armour
 + Level 3.2 Dodging
 - Level 1.7 Stealth


You had 3 spell levels left.
You didn't know any spells.

Dungeon Overview and Level Annotations

Branches:
Dungeon (5/15)             Temple (0/1) D:4

Altars:

Annotations:
D:4 Menkaure


Innate Abilities, Weirdness & Mutations

You are partially covered in sharp spines.
When hurt, damage is shared between your health and your magic reserves.
You are agile. (Dex +2)
Your magical capacity is low. (-10% MP)


Message History

Menkaure is lightly damaged.
You hit Menkaure but do no damage.
Menkaure is lightly damaged.
Menkaure closely misses you.
You hit Menkaure but do no damage.
Menkaure is lightly damaged.
Menkaure is struck by your spines. Menkaure closely misses you.
You hit Menkaure.
Menkaure is moderately damaged.
You barely miss Menkaure.
Menkaure is moderately damaged.
Menkaure is struck by your spines. Menkaure hits you!
* * * LOW HITPOINT WARNING * * *
You closely miss Menkaure.
Menkaure is heavily damaged.
Menkaure is struck by your spines. Menkaure misses you.
You barely miss Menkaure.
Menkaure is severely damaged.
Menkaure is struck by your spines. Menkaure hits you!
You die...

.................#####.....#
.......####...###.##.......#
#.......# #.⌠.# #..........#
#.
#.......###...###.##......##
..
#...........†.............#
#.
#.......#.....##...........
.. ...........<.............
.. #........................
#.
..#.......M@.............#
..
#........................#
#.
#.#.................####.###
#..
....................##......
#.###
#.........#####...........
....
....<.....#####...........
#.##
.##.......................
...#
#.......................
...#
......#...................


You could see Menkaure.

Vanquished Creatures
  An iguana (D:4)
  4 adders
  An adder skeleton (D:4)
  2 leopard geckos
  3 ball pythons
  2 giant cockroaches (D:4)
  3 goblins
  3 hobgoblins
  3 jackals (D:2)
  4 kobolds
  4 bats
  2 frilled lizards (D:2)
  3 rats
35 creatures vanquished.

Notes
Turn   | Place    | Note
-------+----------+-------------------------------------------
     0 | D:1      | khortar the Demonspawn Monk began the quest for the Orb.
     0 | D:1      | Reached XP level 1. HP: 18/18 MP: 1/1
   307 | D:1      | Reached skill level 3 in Long Blades
   417 | D:1      | Gained mutation: When hurt, damage is shared between your health and your magic reserves. [demonic ancestry]
   417 | D:1      | Reached XP level 2. HP: 17/24 MP: 2/2
   588 | D:2      | Reached XP level 3. HP: 15/29 MP: 3/3
   590 | D:2      | Gained mutation: Your magical capacity is low. (-10% MP) [potion of mutation]
   590 | D:2      | Gained mutation: You are agile. (Dex +2) [potion of mutation]
  1066 | D:4      | Found a staircase to the Ecumenical Temple.
  1105 | D:4      | Noticed Menkaure
  1111 | D:4      | HP: 1/29 [Menkaure/nerve-wracking pain (13)]
  1120 | D:4      | You fall through a shaft!
  1120 | D:5      | Entered Level 5 of the Dungeon
  1121 | D:5      | Noticed a phantom
  1122 | D:5      | Noticed a necrophage
  1545 | D:4      | Gained mutation: You are partially covered in sharp spines. [demonic ancestry]
  1545 | D:4      | Reached XP level 4. HP: 17/35 MP: 3/3
  1914 | D:4      | Reached skill level 4 in Long Blades
  1988 | D:4      | Slain by Menkaure

Skill      XL: |  1  2  3  4 |
---------------+-------------+-----
Long Blades    | 3 4 |  4.1
Dodging        | 3 |  3.2
Fighting       | |  3.4
Armour         | |  0.3
Stealth        | |  1.7

Action                   |  1- 3 |  4- 6 || total
-------------------------+-------+-------++-------
Melee: Falchion          |    96 |    21 ||   117
Evoke: Wand              |     1 |       ||     1
  Use: Scroll            |     6 |       ||     6
       Potion            |     3 |       ||     3
 Stab: Sleeping          |     4 |       ||     4
  Eat: Ration            |     3 |       ||     3
Armor: Robe              |     9 |       ||     9
       Leather armour    |     2 |     2 ||     4
Dodge: Dodged            |    79 |    12 ||    91
       Rpst.: Falchion   |    25 |     1 ||    26
